Map: 어스름 탑

Players

Scarlett

  • Race: Zerg Zerg
  • League: Diamond

Solar - Winner!

  • Race: Zerg Zerg
  • League: Grandmaster

VOD

Have the link to the VOD?

Description

Time

  • Played on: April 14, 2016, 3:13 a.m.
  • Length: 6:17
Show
View Real Time Build Order
Export as new Build Order

Scarlett Zerg 

Build Orders: 3 Hatch before Pool 

Get SALT Encoding   

  12  0:01  Drone  
  13  0:08  Drone  
  14  0:18  Overlord  
  14  0:25  Extractor, Drone  
  15  0:37  Drone x2  
  17  0:51  Hatchery  
  17  0:55  Drone  
  17  0:59  Drone  
  18  1:18  Hatchery  
  17  1:21  Drone  
  17  1:24  Extractor  
  17  1:34  Spawning Pool  
  17  1:39  Drone  
  17  1:43  Drone  
  18  1:47  Drone  
  18  1:52  Drone  
  20  2:03  Drone x2  
  22  2:13  Drone  
  23  2:18  Overlord  
  23  2:24  Queen, Metabolic Boost  
  23  2:29  Queen  
  25  2:32  Zergling x2  
  25  2:35  Zergling x2  
  29  2:41  Zergling x2  
  29  2:43  Queen  
  33  2:51  Zergling x6  
  35  3:04  Overlord  
  35  3:05  Zergling x8  
  39  3:08  Overlord  
  39  3:14  Overlord  
  39  3:23  Zergling x2  
  39  3:24  Zergling x6  
  43  3:34  Zergling x2  
  43  3:35  Zergling x10  
  43  3:40  Zergling x4  
  51  3:47  Zergling x2  
  51  3:48  Zergling x6  
  54  4:03  Zergling x10  
  56  4:18  Overlord  
  56  4:21  Baneling Nest  
  55  4:28  Overlord  
  53  4:44  Drone x2  
  53  4:45  Drone x7  
  57  4:55  Lair  
  57  4:58  Drone x3  
  60  5:08  Extractor  
  60  5:09  Extractor  
  60  5:11  Baneling x2  
  58  5:18  Drone x3  
  58  5:19  Drone x5  
  58  5:20  Baneling  
  66  5:24  Extractor  
  66  5:26  Drone  
  66  5:27  Drone x2  
  68  5:35  Spine Crawler  
  68  5:38  Spine Crawler  
  68  5:39  Spine Crawler  
  66  5:44  Baneling x2, Roach Warren  
  64  5:55  Overlord  
  66  5:58  Zergling x6  
Show
View Real Time Build Order
Export as new Build Order

Solar Zerg - Winner!

Build Orders: Hatch First, Zergling Baneling 

Get SALT Encoding   

  12  0:00  Drone  
  13  0:12  Overlord  
  13  0:18  Drone  
  14  0:30  Drone  
  14  0:31  Drone  
  14  0:34  Drone  
  17  0:52  Hatchery  
  17  0:55  Drone  
  17  0:58  Drone  
  18  1:05  Extractor  
  17  1:12  Spawning Pool  
  17  1:15  Drone  
  17  1:18  Drone  
  18  1:28  Drone  
  19  1:40  Overlord  
  19  1:55  Drone  
  19  1:59  Queen  
  19  2:01  Zergling x2  
  23  2:04  Queen, Drone  
  23  2:08  Metabolic Boost  
  26  2:11  Drone  
  26  2:15  Drone  
  28  2:22  Drone  
  29  2:29  Baneling Nest, Drone  
  29  2:32  Drone  
  30  2:43  Hatchery  
  29  2:46  Drone  
  29  2:48  Zergling x2  
  31  2:53  Overlord  
  31  2:55  Drone  
  32  2:59  Drone  
  33  3:09  Zergling x2  
  33  3:11  Zergling x2  
  33  3:12  Zergling x8  
  39  3:16  Drone  
  39  3:17  Baneling x2  
  40  3:22  Drone x2  
  40  3:26  Overlord  
  42  3:33  Drone  
  43  3:34  Drone  
  44  3:43  Queen  
  44  3:45  Zergling x8  
  44  3:47  Drone  
  51  3:48  Drone  
  51  3:55  Zergling x2  
  53  3:56  Drone  
  53  3:57  Baneling x2  
  53  3:58  Drone  
  53  3:59  Zergling x2  
  53  4:01  Zergling x2  
  54  4:09  Zergling x2  
  53  4:10  Extractor, Roach Warren, Drone  
  53  4:11  Zergling x2  
  53  4:13  Drone  
  53  4:15  Zergling x2  
  55  4:18  Zergling x2  
  55  4:20  Overlord  
  55  4:22  Overlord  
  56  4:25  Zergling x2  
  56  4:28  Overlord  
  57  4:32  Overlord  
  57  4:33  Baneling  
  57  4:34  Baneling x2  
  57  4:35  Baneling  
  51  4:46  Queen  
  51  4:51  Roach x4  
  61  4:53  Roach  
  61  4:56  Roach  
  61  4:59  Roach  
  67  5:03  Roach x2  
  71  5:07  Roach  
  71  5:13  Roach  
  75  5:18  Zergling x10  
  75  5:19  Zergling x2  
  81  5:22  Zergling x4  
  84  5:28  Zergling x6  
  84  5:33  Baneling  
  84  5:34  Baneling x6  
  85  5:37  Overlord  
  85  5:41  Zergling x4  
  87  5:46  Zergling x6  
  87  5:49  Overlord  
  89  5:54  Zergling x4  
  89  5:57  Zergling x2  
  89  6:00  Baneling x3  
Tags
 
Add a new tag
Caveats
  • Supply blocks, unpowered buildings, or Contaminate may cause inaccurate times.
  • Supply counts are checked every 10 seconds.